 Dungeon Crawl Stone Soup version 0.19.0-22-gd96e5fe (webtiles) character file.

460 vev the Chopper (level 7, 0/60 HPs)
             Began as a Hill Orc Gladiator on Nov 19, 2016.
             Slain by an ogre
             ... wielding a +0 giant club
              (9 damage)
             ... on level 4 of the Dungeon.
             The game lasted 00:02:52 (2874 turns).

vev the Chopper (Hill Orc Gladiator)                Turns: 2874, Time: 00:02:52

Health: 0/60       AC: 12    Str: 18    XL:     7   Next: 7%
Magic:  7/7        EV:  6    Int:  8    God:
Gold:   230        SH:  0    Dex: 13    Spells: 0 memorised, 6 levels left

rFire  + . .     SeeInvis .     a - +0 war axe
rCold  x . .     Gourm    .     h - +0 plate armour
rNeg   . . .     Faith    .     (no shield)
rPois  .         Spirit   .     c - +0 helmet
rElec  .         Reflect  .     (no cloak)
rCorr  .         Harm     .     (no gloves)
MR     .....                    (no boots)
Stlth  ..........               (no amulet)
                                x - ring of loudness (curse)
                                k - ring of fire

@: no status effects
A: no striking features
a: no special abilities


You were on level 4 of the Dungeon.
You were not hungry.

You visited 1 branch of the dungeon, and saw 4 of its levels.

You collected 230 gold pieces.

Inventory:

Hand Weapons
 a - a +0 war axe (weapon)
Missiles
 d - 3 throwing nets (quivered)
Armour
 b - a +0 leather armour
 c - a +0 helmet (worn)
 h - a +0 plate armour (worn)
Jewellery
 k - a ring of fire (left hand)
 x - a cursed ring of loudness (right hand)
Scrolls
 e - 3 scrolls of identify {unknown}
 p - 2 scrolls of remove curse {unknown}
 s - a scroll of fear {unknown}
 t - 2 scrolls of teleportation {unknown}
 u - 2 scrolls of enchant weapon {unknown}
 w - 2 scrolls of recharging {unknown}
 y - a scroll of enchant armour {unknown}
Potions
 i - a potion of mutation {unknown}
 j - a potion of flight {unknown}
 l - a potion of lignification {unknown}
 n - a potion of magic {unknown}
 q - a potion of heal wounds {unknown}
 r - a potion of berserk rage
 z - a potion of cancellation {unknown}
 A - a potion of might {unknown}
 B - a potion of invisibility {unknown}
Books
 o - a book of Maledictions

   Spells                             Type                      Level
   a - Corona                         Hexes                        1
   b - Ensorcelled Hibernation        Hexes/Ice                    2
   c - Confuse                        Hexes                        3
   d - Tukima's Dance                 Hexes                        3
   e - Dazzling Spray                 Conjuration/Hexes            3
Comestibles
 f - 2 bread rations
 g - 2 chunks of flesh
 m - a beef jerky
 v - a fruit


   Skills:
 + Level 4.6 Fighting
 * Level 7.0 Axes
 - Level 1.7 Throwing
 + Level 2.9 Armour
 + Level 3.6 Dodging


You had 6 spell levels left.
You didn't know any spells.

Dungeon Overview and Level Annotations

Branches:
Dungeon (4/15)
 Temple: D:4-7

Altars:
Hepliaklqana
Kikubaaqudgha
Makhleb
Qazlal
Ru


Message History

An ogre is nearby!
The ogre shouts!
You barely miss the ogre. The ogre closely misses you.
You slash the ogre!
The ogre is heavily wounded.
The ogre hits you with a giant club!
You are too injured to fight recklessly!
You are too injured to fight recklessly!
You are too injured to fight recklessly!
You slash the ogre!
The ogre is almost dead.
The ogre hits you with a giant club.
You hit the ogre but do no damage.
The ogre is almost dead.
The ogre hits you with a giant club!!
* * * LOW HITPOINT WARNING * * *
You hit the ogre but do no damage.
The ogre is almost dead.
The ogre hits you with a giant club!
You die...

#.........#
#####.....#
#..##.....#
#..(......#
#.........#
#.........#
#####.....#
..##.....#
..#..@...#
#..'..O...#
#..#.....<## #....
#..#.......# #....#
#. #.......#..#....#
# #
#......##..#....#
#......##..#....#
#..)...#...#....#
#......#...#....####


You could see an ogre.

Vanquished Creatures
  An ogre (D:4)
  A phantom (D:4)
  A scorpion (D:4)
  2 howler monkeys (D:4)
  An iguana (D:4)
  A worker ant (D:4)
  A gnoll (D:4)
  2 adders
  An ooze (D:1)
  An adder skeleton (D:4)
  2 worms (D:2)
  3 dart slugs
  5 leopard geckos
  An orc (D:3)
  5 giant cockroaches
  2 goblins
  2 hobgoblins (D:2)
  6 jackals
  A quokka (D:2)
  A ball python (D:4)
  11 bats
  3 frilled lizards
  A jackal skeleton (D:4)
  6 kobolds
  A leopard gecko skeleton (D:4)
  8 rats
70 creatures vanquished.

Notes
Turn   | Place    | Note
-------+----------+-------------------------------------------
     0 | D:1      | vev the Hill Orc Gladiator began the quest for the Orb.
     0 | D:1      | Reached XP level 1. HP: 18/18 MP: 1/1
    82 | D:1      | Reached XP level 2. HP: 16/25 MP: 2/2
   389 | D:1      | Reached XP level 3. HP: 30/30 MP: 3/3
   450 | D:1      | Reached skill level 3 in Fighting
   719 | D:2      | Reached skill level 1 in Armour
  1011 | D:2      | Reached XP level 4. HP: 36/38 MP: 4/4
  1047 | D:2      | Reached skill level 5 in Axes
  1100 | D:2      | Found an ancient bone altar of Kikubaaqudgha.
  1362 | D:3      | Found a sacrificial altar of Ru.
  1422 | D:3      | Found a hazy altar of Hepliaklqana.
  1468 | D:3      | Found a burning altar of Makhleb.
  1666 | D:3      | Reached skill level 3 in Dodging
  1714 | D:4      | Reached XP level 5. HP: 18/46 MP: 5/5
  2309 | D:4      | Reached skill level 2 in Armour
  2312 | D:4      | Found a stormy altar of Qazlal.
  2370 | D:4      | Noticed a phantom
  2434 | D:4      | Killed a phantom
  2434 | D:4      | Reached skill level 4 in Fighting
  2434 | D:4      | Reached skill level 6 in Axes
  2434 | D:4      | Reached XP level 6. HP: 29/52 MP: 6/6
  2659 | D:4      | HP: 4/52 [adder (2)]
  2665 | D:4      | Reached skill level 7 in Axes
  2665 | D:4      | Reached XP level 7. HP: 8/60 MP: 7/7
  2874 | D:4      | Slain by an ogre

Skill      XL: |  1  2  3  4  5  6 |
---------------+-------------------+-----
Fighting       | 3 4 |  4.6
Armour         | 1 2 |  2.9
Axes           | 5 6 7 |  7.0
Dodging        | 3 |  3.6
Throwing       | |  1.7

Action                   |  1- 3 |  4- 6 |  7- 9 || total
-------------------------+-------+-------+-------++-------
Melee: War axe           |   140 |   125 |     7 ||   272
  Use: Potion            |       |     1 |       ||     1
  Eat: Chunk             |     1 |     3 |     1 ||     5
       Fruit             |       |     2 |       ||     2
Armor: Leather armour    |    10 |       |       ||    10
       Plate armour      |   135 |   100 |     2 ||   237
Dodge: Dodged            |    77 |    33 |     3 ||   113
